 Dungeon Crawl Stone Soup version 0.19-a0-739-gf2af308 (webtiles) character file.

198 Aksej the Grave Robber (level 5, -17/35 HPs)
             Began as a Demonspawn Necromancer on June 23, 2016.
             Demolished by an ogre
             ... wielding a +0 giant spiked club
              (18 damage)
             ... on level 4 of the Dungeon.
             The game lasted 00:08:08 (3592 turns).

Aksej the Grave Robber (Demonspawn Necromancer)     Turns: 3592, Time: 00:08:09

Health: -17/35     AC:  4    Str:  9    XL:     5   Next: 47%
Magic:  3/10       EV: 12    Int: 17    God:
Gold:   135        SH:  0    Dex: 13    Spells: 3 memorised, 3 levels left

rFire  . . .     SeeInvis .     (no weapon)
rCold  . . .     Gourm    .     a - +0 robe
rNeg   . . .     Faith    .     (no shield)
rPois  .         Spirit   .     d - +0 helmet
rElec  .         Dismiss  .     (no cloak)
rCorr  .         Reflect  .     j - +0 pair of gloves
SustAt .         Harm     .     (no boots)
MR     .....                    (no amulet)
Stlth  ++++......               (no ring)
                                (no ring)

@: very slightly contaminated, not resistant to hostile enchantments, stealthy
A: nightstalker 2
a: no special abilities


You were on level 4 of the Dungeon.
You were not hungry.

You visited 1 branch of the dungeon, and saw 4 of its levels.

You collected 135 gold pieces.

Inventory:

Armour
 a - a +0 robe (worn)
 d - a +0 helmet (worn)
 j - a +0 pair of gloves (worn)
Jewellery
 h - an uncursed ring of protection from cold {unknown}
Scrolls
 e - 2 scrolls of teleportation
Potions
 f - a potion of lignification {unknown}
Books
 b - a book of Necromancy

   Spells                             Type                      Level
   a - Pain                           Necromancy                   1
   b - Animate Skeleton               Necromancy                   1
   c - Vampiric Draining              Necromancy                   3
   d - Regeneration                   Charms/Necromancy            3
   e - Animate Dead                   Necromancy                   4
   f - Control Undead                 Necromancy                   4
Comestibles
 c - 2 bread rations
 g - 6 chunks of flesh


   Skills:
 + Level 0.2 Fighting
 + Level 2.0 Dodging
 + Level 1.8 Stealth
 + Level 0.3 Unarmed Combat
 * Level 3.9 Spellcasting
 * Level 5.9 Necromancy


You had 3 spell levels left.
You knew the following spells:

 Your Spells              Type           Power        Failure   Level  Hunger
a - Pain                  Necr           ###.         1%          1    None
b - Regeneration          Chrm/Necr      ##........   17%         3    ###....
c - Animate Dead          Necr           N/A          17%         4    ####...


Dungeon Overview and Level Annotations

Branches:
Dungeon (4/15)
 Temple: D:4-7

Altars:

Annotations:
D:3 Aksej's ghost, amateur DsNe


Innate Abilities, Weirdness & Mutations

You are significantly more attuned to the shadows.


Message History

Press: ? - help, Shift-Dir - straight line, f/p - ogre
Aim: an ogre, wielding a giant spiked club (heavily wounded, chance to defeat MR: 83%)
The ogre convulses in agony!
The ogre barely misses you.
Casting: Pain
Confirm with . or Enter, or press ? or * to list all spells.
Aiming: Pain
Press: ? - help, Shift-Dir - straight line, f/p - ogre
Aim: an ogre, wielding a giant spiked club (severely wounded, chance to defeat MR: 83%)
You miscast Pain.
You are very lightly contaminated with residual magic.
Nothing appears to happen.
Casting: Pain
Confirm with . or Enter, or press ? or * to list all spells.
Aiming: Pain
Press: ? - help, Shift-Dir - straight line, f/p - ogre
Aim: an ogre, wielding a giant spiked club (severely wounded, chance to defeat MR: 83%)
The ogre barely resists.
The ogre hits you with a giant spiked club!!
Ouch! That really hurt!
You die...

#...# .....#.#
#.###.#...#S#
###.....#....gg..#
>................#
...........#.g...#
......# .........#
#...SO##...#.#...#
#.....@+ #.....##
#.....# #.....#
#.....# .....


You could see an ogre and an adder.

Vanquished Creatures
  An orc wizard (D:3)
  8 adders
  2 worms (D:2)
  A dart slug (D:1)
  3 giant geckos
  8 orcs (D:3)
  3 ball pythons
  12 bats
  5 giant cockroaches
  3 goblins
  7 hobgoblins
  4 jackals (D:3)
  5 kobolds
  4 rats
66 creatures vanquished.

Vanquished Creatures (collateral kills)
  An adder (D:2)
1 creature vanquished.

Grand Total: 67 creatures vanquished

Notes
Turn   | Place    | Note
--------------------------------------------------------------
     0 | D:1      | Aksej the Demonspawn Necromancer began the quest for the Orb.
     0 | D:1      | Reached XP level 1. HP: 13/13 MP: 3/3
    76 | D:1      | Gained mutation: You are slightly more attuned to the shadows. [demonic ancestry]
    76 | D:1      | Reached XP level 2. HP: 14/19 MP: 0/5
   290 | D:1      | Reached skill level 5 in Necromancy
   924 | D:2      | Reached XP level 3. HP: 14/24 MP: 2/6
  1833 | D:2      | Learned a level 3 spell: Regeneration
  1835 | D:2      | Gained mutation: You are significantly more attuned to the shadows. [demonic ancestry]
  1835 | D:2      | Reached XP level 4. HP: 30/30 MP: 6/8
  1944 | D:2      | Learned a level 4 spell: Animate Dead
  2843 | D:3      | Reached XP level 5. HP: 4/35 MP: 0/10
  3311 | D:3      | Noticed Aksej's ghost (amateur DsNe)
  3543 | D:4      | Noticed an ogre
  3592 | D:4      | Demolished by an ogre

Vault maps used:
D:1:      dpeg_arrival_boxes_within_box, minivault_5
D:2:      first_bread

Skill      XL: |  1  2  3  4  5 |
---------------+----------------+-----
Necromancy     | 5 |  5.9
Spellcasting   | 3 |  3.9
Dodging        | 2 |  2.0
Fighting       | |  0.2
Stealth        | |  1.8
Unarmed Combat | |  0.3

Action                   |  1- 3 |  4- 6 || total
-------------------------+-------+-------++-------
Melee: Unarmed           |    20 |    19 ||    39
 Cast: Pain              |    57 |    89 ||   146
       Animate Dead      |       |     3 ||     3
       Regeneration      |       |     2 ||     2
  Use: Potion            |     2 |     3 ||     5
       Scroll            |     1 |     5 ||     6
  Eat: Chunk             |     3 |     6 ||     9
       Pizza             |       |     1 ||     1
Armor: Robe              |     3 |    12 ||    15
Dodge: Dodged            |    16 |    34 ||    50
